 Dungeon Crawl Stone Soup version 0.27-a0-1590-g15f69828bf (webtiles) character file.

Game seed: 3117840280681929481

19796 quinnr the Stormcaller (level 12, -8/72 HPs)
             Began as a Tengu Air Elementalist on July 18, 2021.
             Was a Priest of Vehumet.
             Mangled by a harpy simulacrum (14 damage)
             ... in an ice cave.
             The game lasted 00:49:46 (23196 turns).

quinnr the Stormcaller (Tengu Air Elementalist)    Turns: 23196, Time: 00:49:46

Health: -8/72      AC:  4    Str:  8    XL:     12   Next: 72%
Magic:  2/25       EV: 19    Int: 21    God:    Vehumet [***...]
Gold:   882        SH:  0    Dex: 15    Spells: 14/27 levels left

rFire    . . .     SeeInvis .   y - +4 flail of Indignation {vorpal, +Rage rElec}
rCold    . . .     Faith    +   (no shield)
rNeg     + . .     Spirit   .   a - +0 robe
rPois    +         Reflect  .   z - +1 hat
rElec    +         Harm     .   k - +0 cloak
rCorr    .         Rampage  .   (no gloves)
Will     .....                  (boots unavailable)
Stlth    +++.......             e - amulet of faith
HPRegen  0.22/turn              i - ring of positive energy
MPRegen  0.19/turn              s - ring of poison resistance

@: flying quickly and evasively, quick
A: beak, talons 3, nimble flight
a: Renounce Religion, Evoke Berserk Rage


You were in an ice cave.
You worshipped Vehumet.
Vehumet was most pleased with you.
You visited 4 branches of the dungeon, and saw 15 of its levels.
You also visited: Ice Cave.

You collected 882 gold pieces.

Inventory:

Hand Weapons
 l - a +5 quarterstaff of chaos
 y - the +4 flail of Indignation (weapon) {vorpal, +Rage rElec}
   (You found it on level 11 of the Dungeon)

   It inflicts extra damage upon your enemies.
   rElec:     It insulates you from electricity.
   +Rage:     It lets you go berserk.
Missiles
 w - 7 curare-tipped darts
Armour
 a - a +0 robe (worn)
 k - a +0 cloak (worn)
 z - a +1 hat (worn)
Jewellery
 e - an amulet of faith (around neck)
 i - a ring of positive energy (left hand)
 s - a ring of poison resistance (right hand)
 K - a ring of poison resistance
Wands
 b - a wand of charming (4)
 C - a wand of flame (25)
 F - a wand of acid (8)
Scrolls
 c - a scroll of magic mapping
 g - a scroll of amnesia
 m - a scroll of fog
 n - 4 scrolls of teleportation
 o - 2 scrolls of enchant weapon
 t - 3 scrolls of enchant armour
 u - a scroll of brand weapon {unknown}
 x - a scroll of summoning {unknown}
 I - a scroll of identify
 J - a scroll of blinking {unknown}
Potions
 d - 2 potions of curing
 f - a potion of invisibility
 h - 2 potions of lignification
 j - a potion of mutation
 p - 3 potions of degeneration
 q - 2 potions of haste {unknown}
 r - a potion of berserk rage
 A - 2 potions of ambrosia
 B - a potion of attraction
 D - a potion of flight
 E - 2 potions of brilliance
 H - a potion of experience {unknown}


   Skills:
 + Level 7.6 Fighting
 - Level 2.0 Staves
 - Level 8.0 Dodging
 - Level 5.0 Stealth
 - Level 8.0 Spellcasting
 - Level 5.0 Conjurations
 + Level 17.2 Air Magic
 - Level 5.0 Evocations


You had 14 spell levels left.
You knew the following spells:

 Your Spells              Type           Power      Damage    Failure   Level
a - Shock                 Conj/Air       100%       1d9       1%          1
b - Airstrike             Air            34%        N/A       1%          4
c - Poisonous Vapours     Pois/Air       88%        N/A       1%          2
d - Mephitic Cloud        Conj/Pois/Air  39%        N/A       1%          3
e - Dazzling Flash        Conj/Hex       36%        N/A       2%          3

Your spell library contained the following spells:

 Spells                   Type           Power      Damage    Failure   Level
 Frozen Ramparts          Ice            16%        1d3       7%          3
 Magic Dart               Conj           100%       1d8       1%          1
 Static Discharge         Conj/Air       53%        N/A       1%          2
 Swiftness                Air            69%        N/A       1%          3
 Silence                  Hex/Air        22%        N/A       6%          5
 Animate Skeleton         Necr           16%        N/A       8%          1
 Apportation              Tloc           16%        N/A       8%          1
 Beastly Appendage        Tmut           16%        N/A       8%          1
 Corona                   Hex            8%         N/A       8%          1
 Summon Small Mammal      Summ           32%        N/A       8%          1
 Call Imp                 Summ           8%         N/A       12%         2
 Ensorcelled Hibernation  Hex/Ice        16%        N/A       12%         2
 Sublimation of Blood     Necr           4%         N/A       12%         2
 Wereblood                Tmut           8%         N/A       12%         2
 Irradiate                Conj/Tmut      9%         3d16      21%         5
 Spider Form              Tmut/Pois      4%         N/A       24%         3
 Tukima's Dance           Hex            8%         N/A       24%         3
 Petrify                  Tmut/Erth      8%         N/A       61%         4
 Agony                    Necr           8%         N/A       91%         5


Dungeon Overview and Level Annotations

Branches:
Dungeon (12/15)            Temple (1/1) D:5            Lair (1/6) D:11
    Orc (1/2) D:10          IceCv (1/1)

Altars:
Ashenzari
Cheibriados
Dithmenos
Elyvilon
Fedhas
Gozag
Hepliaklqana
Kikubaaqudgha
Okawaru
Qazlal
Ru
Sif Muna
Trog
Uskayaw
Vehumet
Wu Jian
Xom
Zin
The Shining One

Shops:
D:5 :

Annotations:
D:5 3 runed translucent doors, dolemite99's ghost, novice HOFi
D:6 exclusion: troll
D:8 1 runed translucent door, ew1980's ghost, novice GnAr


Innate Abilities, Weirdness & Mutations

You have a beak for a mouth.
You have claws for feet.
Your magical nature lets you fly swiftly and evasively.


Message History

Aim: an ice devil (severely wounded)
The air twists around and strikes the ice devil!
The ice devil is almost dead.
Unknown command.
Casting: Airstrike (safe; 1% risk of failure)
Confirm with . or Enter, or press ? or * to list all spells.
Aiming: Airstrike (safe; 1% risk of failure)
Press: ? - help, Dir - move target, f/p - ice devil
Aim: an ice devil (almost dead)
The air twists around and strikes the ice devil!
You kill the ice devil!
Vehumet accepts your kill.
You feel your power returning.
The zap hits the harpy simulacrum.
The harpy simulacrum is lightly damaged.
The harpy simulacrum claws you! The harpy simulacrum freezes you!
The harpy simulacrum claws you. The harpy simulacrum freezes you!!
The harpy simulacrum claws you!
* * * LOW HITPOINT WARNING * * *
The harpy simulacrum freezes you!
* * * LOW HITPOINT WARNING * * *
The harpy simulacrum barely misses you.
Unknown command.
Unknown command.
Okay, then.
Okay, then.
Okay, then.
Okay, then.
Press: ? - help, v - describe, . - travel
Here: a harpy simulacrum (lightly damaged)
An ice choked empty arch of ancient stone.
Unknown command.
Casting: Shock (safe; 1% risk of failure)
Confirm with . or Enter, or press ? or * to list all spells.
You don't have enough magic to cast this spell.
You feel better. The harpy simulacrum misses you.
The harpy simulacrum claws you.
* * * LOW HITPOINT WARNING * * *
The harpy simulacrum freezes you!
You die...

##...#
#...##
#...##
##...#
##...##
##.....##
#...∩...#
#...Z...#
##..@..##
##...##
#####


You could see a harpy simulacrum.

Vanquished Creatures
  2 hydras (D:11)
  3 two-headed ogres
  4 skeletal warriors
  A wizard (D:12)
  A deep elf pyromancer (D:12)
  2 ice statues (IceCv)
  2 gargoyles
  A komodo dragon (Lair:1)
  3 ice devils (IceCv)
  A troll (D:9)
  A merfolk (D:9)
  A hornet (D:11)
  A shadow (D:10)
  2 vampires
  2 wyverns
  3 wraiths
  27 yaks
  A death yak simulacrum (IceCv)
  3 acid dragons
  2 wargs (D:10)
  Menkaure (D:5)
  2 sky beasts
  7 orc warriors
  An ice beast (D:5)
  A black bear (D:8)
  An ogre (Orc:1)
  3 centaurs
  3 phantoms
  A kobold brigand (D:10)
  2 gnoll sergeants
  2 bullfrogs
  2 scorpions
  2 two-headed ogre simulacra (IceCv)
  A wyvern zombie (D:7)
  8 killer bees (D:10)
  An elephant simulacrum (IceCv)
  14 wights
  8 howler monkeys
  A bullfrog zombie (D:6)
  3 centaur zombies
  A gnoll shaman (D:4)
  2 hounds (D:6)
  3 jellies
  8 orc priests
  Crazy Yiuf (D:2)
  Jessica (D:2)
  An iguana (D:6)
  11 orc wizards
  2 troll simulacra (IceCv)
  3 killer bee zombies
  A hound skeleton (D:4)
  2 howler monkey zombies
  11 gnolls
  6 adders
  2 shadow imps (D:6)
  A white imp (D:6)
  An ufetubus (IceCv)
  A worm (D:2)
  A dart slug (D:1)
  35 orcs
  6 endoplasms
  3 giant cockroaches
  8 goblins
  15 hobgoblins
  5 jackals
  6 quokkas
  7 ball pythons
  4 bats
  3 frilled lizards
  3 kobolds
  6 rats
287 creatures vanquished.

Vanquished Creatures (others)
  5 fungi
  6 plants (D:1)
  3 toadstools (D:3)
14 creatures vanquished.

Grand Total: 301 creatures vanquished

Notes
Turn   | Place    | Note
-------+----------+-------------------------------------------
     0 | D:1      | quinnr the Tengu Air Elementalist began the quest for the
                  | Orb.
     0 | D:1      | Reached XP level 1. HP: 10/10 MP: 4/4
   278 | D:1      | Reached XP level 2. HP: 15/15 MP: 4/6
  1138 | D:1      | Reached XP level 3. HP: 19/19 MP: 3/7
  1336 | D:1      | Found a faded altar of an unknown god.
  1975 | D:2      | Found a shimmering altar of Xom.
  2051 | D:2      | Noticed Jessica
  2060 | D:2      | Killed Jessica
  2061 | D:2      | Reached skill level 5 in Air Magic
  2061 | D:2      | Reached XP level 4. HP: 24/24 MP: 0/8
  2315 | D:2      | Found a runed translucent door.
  2316 | D:2      | Noticed Crazy Yiuf
  2637 | D:3      | Learned a level 4 spell: Airstrike
  3160 | D:3      | Gained mutation: Your magical nature lets you fly swiftly
                  | and evasively. [Tengu growth]
  3160 | D:3      | Reached XP level 5. HP: 28/28 MP: 2/9
  3794 | D:4      | Reached skill level 6 in Air Magic
  3827 | D:4      | Identified the +1 chain mail of Qeomih {+Blink Stlth+}
  3972 | D:2      | Killed Crazy Yiuf
  3973 | D:2      | Reached skill level 7 in Air Magic
  3973 | D:2      | Reached XP level 6. HP: 25/32 MP: 6/10
  4633 | D:4      | Found a glowing golden altar of the Shining One.
  4703 | D:4      | Reached skill level 8 in Air Magic
  4881 | D:4      | Reached XP level 7. HP: 36/36 MP: 5/12
  5222 | D:5      | Entered Level 5 of the Dungeon
  5397 | D:5      | Found a staircase to the Ecumenical Temple.
  5431 | Temple   | Entered the Ecumenical Temple
  5841 | D:5      | Found a radiant altar of Vehumet.
  5868 | D:5      | Noticed Menkaure
  5874 | D:5      | Killed Menkaure
  5875 | D:5      | Reached skill level 9 in Air Magic
  6082 | D:5      | Became a worshipper of Vehumet
  6100 | D:5      | Found Ukux's Book Emporium.
  6130 | D:5      | Reached XP level 8. HP: 11/41 MP: 1/15
  6472 | D:5      | Found a runed translucent gate.
  6472 | D:5      | Found a runed translucent gate.
  6473 | D:5      | Found a runed translucent gate.
  6475 | D:5      | Noticed dolemite99's ghost (novice HOFi)
  6908 | D:6      | Reached skill level 10 in Air Magic
  7079 | D:6      | Found an iron altar of Okawaru.
  7120 | D:6      | Found a snail-covered altar of Cheibriados.
  7379 | D:6      | Reached skill level 11 in Air Magic
  7745 | D:6      | Noticed a troll
  8198 | D:7      | Reached skill level 1 in Fighting
  8198 | D:7      | Reached skill level 1 in Staves
  8230 | D:7      | Reached * piety under Vehumet
  8230 | D:7      | Offered knowledge of Foxfire by Vehumet.
  8414 | D:7      | Reached XP level 9. HP: 47/47 MP: 11/16
  8450 | D:7      | Reached skill level 12 in Air Magic
  8834 | D:7      | Reached skill level 5 in Spellcasting
  9418 | D:8      | Reached skill level 13 in Air Magic
  9495 | D:8      | Found a shimmering blue altar of Sif Muna.
  9586 | D:8      | Found a runed translucent door.
  9586 | D:8      | Found a shimmering altar of Xom.
  9586 | D:8      | Noticed ew1980's ghost (novice GnAr)
  9588 | D:8      | Noticed a +1 long sword of chaos
  9856 | D:7      | Reached skill level 14 in Air Magic
 10248 | D:8      | Reached XP level 10. HP: 44/53 MP: 18/18
 10572 | D:8      | Reached skill level 15 in Air Magic
 11270 | D:8      | Offered knowledge of Poisonous Vapours by Vehumet.
 11272 | D:8      | Reached ** piety under Vehumet
 11866 | D:8      | Found a shadowy altar of Dithmenos.
 12245 | D:9      | Learned a level 2 spell: Poisonous Vapours
 12249 | D:9      | Learned a level 3 spell: Mephitic Cloud
 13361 | D:9      | Found a bloodstained altar of Trog.
 13373 | D:9      | Noticed a two-headed ogre
 13392 | D:9      | Killed a two-headed ogre
 13393 | D:9      | Reached XP level 11. HP: 60/60 MP: 5/23
 13510 | D:9      | Reached skill level 5 in Dodging
 13510 | D:9      | Reached skill level 5 in Stealth
 13603 | D:9      | Found a stormy altar of Qazlal.
 14087 | D:9      | Offered knowledge of Dazzling Flash by Vehumet.
 14088 | D:9      | Reached skill level 16 in Air Magic
 14092 | D:9      | Learned a level 3 spell: Dazzling Flash
 14258 | D:10     | Entered Level 10 of the Dungeon
 14387 | D:10     | Found a hide-covered altar of Uskayaw.
 14835 | D:10     | Found a staircase to the Orcish Mines.
 14888 | D:10     | Reached *** piety under Vehumet
 14890 | D:10     | Reached skill level 1 in Evocations
 15396 | D:10     | Noticed a two-headed ogre
 15412 | D:10     | Killed a two-headed ogre
 16154 | D:11     | Offered knowledge of Frozen Ramparts by Vehumet.
 16368 | D:11     | Noticed an eight-headed hydra
 16506 | Orc:1    | Entered Level 1 of the Orcish Mines
 16851 | D:11     | Found a staircase to the Lair.
 16955 | D:11     | Found an ornate altar of the Wu Jian Council.
 16983 | D:11     | Noticed an eight-headed hydra
 17028 | D:11     | Reached skill level 5 in Conjurations
 17047 | D:11     | Identified the +4 flail of Indignation {vorpal, +Rage
                  | rElec}
 17170 | D:11     | Killed an eight-headed hydra
 17171 | D:11     | Reached skill level 5 in Fighting
 17438 | D:11     | Reached **** piety under Vehumet
 17453 | D:11     | Reached skill level 5 in Evocations
 17579 | D:11     | Killed an eight-headed hydra
 17580 | D:11     | Reached XP level 12. HP: 61/68 MP: 0/25
 20443 | D:12     | HP: 3/71 [skeletal warrior[a skeletal warrior] (21)]
 20972 | D:12     | Noticed a two-headed ogre
 20978 | D:12     | Killed a two-headed ogre
 21246 | Lair:1   | Entered Level 1 of the Lair of Beasts
 21278 | Lair:1   | Noticed a five-headed hydra
 21280 | Lair:1   | Noticed a five-headed hydra
 21859 | Lair:1   | Found a frozen archway.
 21868 | IceCv    | Entered an ice cave
 22182 | IceCv    | Reached skill level 17 in Air Magic
 23195 | IceCv    | HP: 4/72 [harpy simulacrum (17)]
 23196 | IceCv    | Mangled by a harpy simulacrum

Illustrated notes

Levels and vault maps discovered:
D:1:      dpeg_arrival_ternary, layout_basic, serial_forest,
          infiniplex_forest_lined_2, infiniplex_forest_clump_long,
          infiniplex_forest_lined_3, infiniplex_forest_lined_room_3,
          infiniplex_forest_clump_tiny, infiniplex_forest_straight_2,
          infiniplex_forest_clump_curved, ebering_ecumenical_altar_abandoned,
          chequers_avenue, minmay_pentomino_x2
D:2:      layout_loops_cross, basic_altar, minivault_11, minmay_misc_feat_tiny,
          uniq_jessica, uniq_crazy_yiuf_cottage
D:3:      layout_loops_ring, serial_glass, glass_columns_a, glass_columns_a,
          chequers_serial_rivers_marsh, amethyst_killhole,
          minmay_gold_behind_fungi, dk_noncrumbling_3, eino_tiny_chamber
D:4:      minmay_spotlight, layout_rooms, mainiacjoe_overflow_six_doors_small,
          minmay_fractal_squares_gapless_5
D:5:      layout_rooms, nicolae_vehumet_radiance, minmay_temple_entry_wispy,
          gammafunk_ghost_necromancy, serial_shops, shop,
          serial_co_window_serial, co_window_of_opportunity_a,
          co_window_of_opportunity_a, co_window_of_opportunity_a,
          co_window_of_opportunity_a, co_window_corner_a, co_window_paths_c,
          co_window_broadway_a, co_window_paths_c, co_window_corner_ca,
          co_window_unsneaky_path_b, co_window_of_opportunity_c,
          co_window_broadway_a, uniq_menkaure
D:6:      layout_cave_pools, lemuel_coloured_pillars_altar,
          kennysheep_okawaru_gauntlet, cheibriados_altar_1, nrook_campfire,
          minmay_strange_pillars, chequers_serial_rivers_marsh
D:7:      layout_layer_cave
D:8:      minmay_goldmine, layout_loops_ring, grunt_dithmenos_shadows,
          nicolae_overflow_hidden_temple, ebering_ghost_xom, minmay_statues_item
D:9:      layout_rooms, lightli_temple_of_fire,
          mainiacjoe_overflow_small_starburst, serial_co_window_serial,
          co_window_paths_a, co_window_of_opportunity_a,
          co_window_of_opportunity_a, co_window_of_opportunity_a,
          co_window_of_opportunity_a, co_window_unsneaky_path_b,
          co_window_unsneaky_path_b, co_window_unsneaky_path_e,
          co_window_4corner_b, co_window_sun, hangedman_fish_farm
D:10:     layout_loops_ring, nicolae_uskayaw_dance_hall, david_orc_1_choice,
          fungi_pond_lemuel, blue_anna_alchemist
D:11:     layout_long_grid, lair_entry_dummy, nicolae_wu_jian_glorious_leap
D:12:     layout_roguey
Temple:   nicolae_temple_figure_zero
Lair:1:   layout_cave_pods, portal_ice_cave_entry_pillars_2,
          beast_lair_carwin_11
Orc:1:    layout_caves, nicolae_shop_overcharged_wands, uniq_erica
IceCv:    ice_cave_tombish

Skill      XL: |  1  2  3  4  5  6  7  8  9 10 11 12 |
---------------+-------------------------------------+-----
Stealth        | 3 4 5 |  5.0
Air Magic      | 5 7 8 9 11 14 15 16 17 | 17.2
Spellcasting   | 3 4 5 7 8 |  8.0
Dodging        | 3 4 6 8 |  8.0
Fighting       | 1 2 3 5 7 |  7.6
Staves         | 1 2 |  2.0
Conjurations   | 5 |  5.0
Evocations     | 5 |  5.0

Action                   |  1- 3 |  4- 6 |  7- 9 | 10-12 || total
-------------------------+-------+-------+-------+-------++-------
Melee: Unarmed           |    12 |     3 |       |       ||    15
       Peck              |     1 |     2 |     4 |    16 ||    23
       Kick              |     1 |     3 |    10 |    23 ||    37
       Quarterstaff      |       |    18 |    32 |    47 ||    97
       Flail             |       |       |       |    20 ||    20
 Cast: Shock             |    89 |   103 |   183 |   316 ||   691
       Airstrike         |       |     5 |    39 |   166 ||   210
       Poisonous Vapours |       |       |       |    60 ||    60
       Mephitic Cloud    |       |       |       |    20 ||    20
       Dazzling Flash    |       |       |       |     4 ||     4
 Abil: Evoke Berserk Rag |       |       |       |     1 ||     1
Evoke: Wand              |       |       |       |     8 ||     8
  Use: Potion            |       |       |     1 |     3 ||     4
       Scroll            |       |       |       |    25 ||    25
Armor: Robe              |     9 |     3 |     4 |    19 ||    35
       Skin              |       |       |       |     7 ||     7
Dodge: Dodged            |    10 |    20 |    48 |   135 ||   213

Table legend: (Time is in decaauts)
 A = Elapsed time spent in this place.
 B = Non-inter-level travel time spent in this place.
 C = Inter-level travel time spent in this place.
 D = Time resting spent in this place.
 E = Time spent auto-exploring this place.
 F = Levels seen in this place.
 G = Mean time per level.
                   A        B        C        D        E       F      G
               +--------+--------+--------+--------+--------+-----+--------+
         Total |  22444 |  21696 |    748 |   5675 |  13276 |  16 | 1402.8 |
       Dungeon |  20823 |  20084 |    739 |   4726 |  12952 |  12 | 1735.2 |
        Temple |    112 |    103 |      9 |      0 |    102 |   1 |  112.0 |
          Lair |    183 |    183 |      0 |     66 |      0 |   1 |  183.0 |
  Orcish Mines |      3 |      3 |      0 |      0 |      0 |   1 |    3.0 |
      Ice Cave |   1321 |   1321 |      0 |    883 |    221 |   1 | 1321.0 |
               +--------+--------+--------+--------+--------+-----+--------+

Top non-repeatable levels by time:
    D:11: 3488 daAuts
     D:9: 2034 daAuts
    D:10: 1974 daAuts
     D:8: 1963 daAuts
     D:7: 1848 daAuts
    D:12: 1659 daAuts
     D:1: 1528 daAuts
   IceCv: 1321 daAuts
     D:3: 1294 daAuts
     D:2: 1280 daAuts
     D:6: 1274 daAuts
     D:5: 1248 daAuts
     D:4: 1229 daAuts
  Lair:1: 183 daAuts
  Temple: 112 daAuts
